 Dungeon Crawl Stone Soup version 0.26.1-2-gb8aa6d0cf2 (webtiles) character file.

Game seed: 16117432149139372295

260 Tocho the Skirmisher (level 5, 0/42 HPs)
             Began as a Demonspawn Abyssal Knight on Mar 2, 2021.
             Was a Priest of Lugonu.
             Slain by Grinder (6 damage)
             ... on level 4 of the Dungeon.
             The game lasted 00:04:56 (4652 turns).

Tocho the Skirmisher (Demonspawn Abyssal Knight)    Turns: 4652, Time: 00:04:57

Health: 0/42       AC:  5    Str: 14    XL:     5   Next: 95%
Magic:  6/6        EV: 12    Int: 13    God:    Lugonu [***...]
Gold:   171        SH:  0    Dex: 12    Spells: 4/4 levels left

rFire    . . .     SeeInvis .   p - +0 long sword
rCold    . . .     Faith    .   (no shield)
rNeg     . . .     Spirit   .   b - +0 leather armour
rPois    .         Reflect  .   (no helmet)
rElec    .         Harm     .   (no cloak)
rCorr    .         Rampage  .   r - +0 pair of gloves
Will     .....                  (no boots)
Stlth    +.........             (no amulet)
HPRegen  0.14/turn              (no ring)
MPRegen  0.10/turn              (no ring)

@: no status effects
A: miasma immunity, sharp scales 1
a: Renounce Religion, Depart the Abyss, Bend Space, Banish


You were on level 4 of the Dungeon.
You worshipped Lugonu.
Lugonu was most pleased with you.
You visited 1 branch of the dungeon, and saw 4 of its levels.
You visited the Abyss 1 time.

You collected 171 gold pieces.

Inventory:

Hand Weapons
 a - a +1 falchion
 p - a +0 long sword (weapon)
Missiles
 e - 27 poisoned darts
Armour
 b - a +0 leather armour (worn)
 g - a +0 chain mail
 r - a +0 pair of gloves (worn)
Jewellery
 j - an uncursed ring of resist corrosion {unknown}
 o - an uncursed ring of fire {unknown}
Wands
 l - a wand of random effects (21)
Scrolls
 d - 3 scrolls of blinking {unknown}
 h - 4 scrolls of teleportation {unknown}
 i - 3 scrolls of fog {unknown}
 m - 4 scrolls of identify {unknown}
 s - a scroll of enchant armour {unknown}
Potions
 c - a potion of flight {unknown}
 f - a potion of cancellation {unknown}
 k - 2 potions of resistance {unknown}
 n - 2 potions of mutation {unknown}
 q - 2 potions of might


   Skills:
 + Level 4.0 Fighting
 + Level 4.0 Long Blades
 + Level 2.7 Armour
 + Level 1.9 Dodging
 + Level 0.7 Stealth
 + Level 2.6 Invocations


You had 4 spell levels left.
You didn't know any spells.
Your spell library was empty.

Dungeon Overview and Level Annotations

Branches:
Dungeon (4/15)
 Temple: D:4-7

Altars:
Ashenzari
Nemelex Xobeh
Okawaru
Ru
Xom

Annotations:
D:4 Grinder


Innate Abilities, Weirdness & Mutations

You are immune to miasma.
You are partially covered in razor-sharp scales. (AC +1, Slay +1)


Message History

You are too injured to fight recklessly!
You are too injured to fight recklessly!
You are too injured to fight recklessly!
You are too injured to fight recklessly!
You are too injured to fight recklessly!
You are too injured to fight recklessly!
You are too injured to fight recklessly!
You are too injured to fight recklessly!
You barely miss Grinder.
Grinder is lightly wounded.
Grinder misses you.
You slash Grinder!
Grinder is heavily wounded.
Grinder hits you!
You hit Grinder.
Grinder is heavily wounded.
Grinder hits you!
* * * LOW HITPOINT WARNING * * *
You writhe in agony.
You die...

#. .... #.
#######.###### #.
#.......#..... #.
#.#.......######
#.##..............#
#.####.####..####.#
.....†..........>.#
#..###.####.##..#.###.#
#..# #.# #.#...@.....#
#..###.# #.###5.######
.......# #.....$..
...##### ###.....# ...#
.......# ...# #
##....#.. ...#.# #....
.. .^.#.#. #..#. .##
.......


You could see Grinder.

Vanquished Creatures
  A scorpion (D:3)
  An orc wizard (D:2)
  6 adders
  An ooze (D:2)
  3 worms
  5 dart slugs
  4 leopard geckos
  6 orcs
  5 giant cockroaches
  11 hobgoblins
  17 jackals
  2 kobolds
  4 ball pythons
  12 bats
  2 frilled lizards (D:1)
  7 goblins
  10 rats
97 creatures vanquished.

Notes
Turn   | Place    | Note
-------+----------+-------------------------------------------
     0 | Abyss:1  | Tocho the Demonspawn Abyssal Knight began the quest for the
                  | Orb.
     0 | Abyss:1  | Reached XP level 1. HP: 18/18 MP: 2/2
     0 | D:1      | Escaped the Abyss
    48 | D:1      | Found a sparkling altar of Nemelex Xobeh.
    80 | D:1      | Gained mutation: You are partially covered in razor-sharp
                  | scales. (AC +1, Slay +1) [demonic ancestry]
    80 | D:1      | Reached XP level 2. HP: 8/24 MP: 3/3
   436 | D:1      | Reached * piety under Lugonu
   780 | D:1      | Reached skill level 1 in Dodging
   804 | D:1      | Gained mutation: You are immune to miasma. [demonic
                  | ancestry]
   804 | D:1      | Reached XP level 3. HP: 27/29 MP: 4/4
  1409 | D:2      | Reached ** piety under Lugonu
  1523 | D:2      | Found a sacrificial altar of Ru.
  1537 | D:2      | Reached XP level 4. HP: 32/37 MP: 5/5
  1674 | D:2      | Found a broken altar of Ashenzari.
  1729 | D:2      | Found a shimmering altar of Xom.
  1845 | D:2      | Found an iron altar of Okawaru.
  2991 | D:3      | Reached XP level 5. HP: 13/42 MP: 6/6
  3279 | D:3      | Found a faded altar of an unknown god.
  4441 | D:4      | Reached *** piety under Lugonu
  4644 | D:4      | Noticed Grinder
  4652 | D:4      | Slain by Grinder

Illustrated notes

Levels and vault maps discovered:
D:1:      eino_arrival_water_cross, layout_basic,
          nemelex_xobeh_ov_fountains_minmay
D:2:      layout_loops_ring, nicolae_ru_great_annihilating_truth,
          xom_butterflies, nicolae_overflow_hidden_temple, okawaru_trees_2
D:3:      layout_basic, chequers_ecumenical_altar_simple_redux
D:4:      layout_basic, serial_shops, nicolae_shop_statue_plus, uniq_eustachio,
          uniq_grinder

Skill      XL: |  1  2  3  4  5 |
---------------+----------------+-----
Long Blades    | 2 3 4 |  4.0
Armour         | 2 |  2.7
Dodging        | 1 |  1.9
Fighting       | 4 |  4.0
Stealth        | |  0.7
Invocations    | |  2.6

Action                   |  1- 3 |  4- 6 || total
-------------------------+-------+-------++-------
Melee: Falchion          |   113 |   123 ||   236
       Long sword        |       |    80 ||    80
Invok: Depart the Abyss  |     1 |       ||     1
  Use: Potion            |       |     1 ||     1
 Stab: Paralysed         |       |     1 ||     1
       Sleeping          |       |     1 ||     1
Armor: Leather armour    |    51 |    68 ||   119
Dodge: Dodged            |    74 |   158 ||   232
       Rpst.: Falchion   |    23 |    36 ||    59
       Long sword        |       |    23 ||    23
